 Dungeon Crawl Stone Soup version 0.30.0-10-gfe55d96785 (webtiles) character file.

Game seed: 7190300418655579022

86 booth the Conjurer (level 4, -2/33 (34) HPs)
             Began as a Demonspawn Reaver on May 15, 2023.
             Killed by nerve-wracking pain
             ... invoked by Grinder
              (9 damage)
             ... on level 3 of the Dungeon.
             The game lasted 00:22:07 (2434 turns).

booth the Conjurer (Demonspawn Reaver)              Turns: 2434, Time: 00:22:07

HP:   -2/33 (34)    AC:  4    Str: 14    XL:     4   Next: 26%
MP:   7/7           EV: 12    Int: 14    God:
Gold: 155           SH:  4    Dex: 12    Spells: 4/7 levels left

rFire   . . .        a - +0 hand axe
rCold   . . .        (no shield)
rNeg    . . .        b - +0 leather armour
rPois   .            (no helmet)
rElec   .            d - +0 cloak
rCorr   .            (no gloves)
SInv    .            (no boots)
Will    .....        (no amulet)
Stlth   +            (no ring)
HPRegen 0.25/turn    (no ring)
MPRegen 0.10/turn

%: no passive effects
@: lightly drained
A: hooves 1, large bone plates 1, powered by pain 1
a: no special abilities


You were on level 3 of the Dungeon.
You visited 1 branch of the dungeon, and saw 3 of its levels.

You collected 155 gold pieces.

Inventory:

Hand Weapons
 a - a +0 hand axe (weapon)
Missiles
 o - 14 poisoned darts
Armour
 b - a +0 leather armour (worn)
 d - a +0 cloak (worn)
 q - the orb "Jueloto" {*channel, *Slow Will+ rCorr Int+4}
   (You found it on level 3 of the Dungeon)

   Int:       It affects your intelligence (+4).
   rCorr:     It protects you from acid and corrosion.
   *Slow:     It may slow you when you take damage.
   Will:      It increases your willpower.
Scrolls
 g - a scroll of acquirement {unknown}
 l - 2 scrolls of noise {unknown}
 m - 2 scrolls of magic mapping {unknown}
 n - a scroll of fog {unknown}
 p - 3 scrolls of teleportation {unknown}
 r - a scroll of enchant weapon {unknown}
Potions
 c - a potion of berserk rage
 f - 2 potions of magic {unknown}
 h - a potion of heal wounds {unknown}
 i - a potion of resistance {unknown}
 j - 2 potions of mutation {unknown}
 k - a potion of curing
 s - a potion of brilliance {unknown}


   Skills:
 + Level 2.5 Fighting
 + Level 3.0 Axes
 + Level 1.0 Armour
 + Level 2.3 Dodging
 + Level 2.3 Spellcasting
 * Level 3.4 Conjurations
 + Level 1.1 Necromancy


You had 4 spell levels left.
You knew the following spells:

 Your Spells              Type           Power      Damage    Failure   Level
a - Kiss of Death         Conj/Necr      32%        2d7       11%         1
b - Momentum Strike       Conj/Tloc      12%        3d8       22%         2

Your spell library contained the following spells:

 Spells                   Type           Power      Damage    Failure   Level
 Hailstorm                Conj/Ice       6%         3d4       38%         3


Dungeon Overview and Level Annotations

Branches:
Dungeon (3/15)

Altars:

Shops:
D:1 [

Annotations:
D:3 Grinder


Innate Abilities, Weirdness & Mutations

You have large cloven feet.
You are partially covered in large bone plates. (SH +4)
You sometimes gain a little power by taking damage.


Message History

You hit the orc.
You kill the orc!
Things that are here:
a +0 hand axe; an orc corpse Grinder blinks!
s - a viscous purple potion
There are no items here.
Grinder gestures at you.
You suddenly lose the ability to move!
You can move again.
Grinder gestures at you. Pain shoots through your body!
You barely miss Grinder. Your kick misses Grinder. You block Grinder's attack.
You hit Grinder but do no damage. Grinder hits you.
You writhe in agony.
Casting: Kiss of Death (safe; 11% risk of failure)
Confirm with . or Enter, or press ? or * to list all spells.
You can't see any susceptible monsters within range! (Use Z to cast anyway.) Unknown command.
You closely miss Grinder. You kick Grinder.
Grinder is lightly wounded.
Grinder gestures at you. Pain shoots through your body!
* * * LOW HITPOINT WARNING * * *
You feel better. Grinder gestures at you.
You suddenly lose the ability to move!
Grinder hits you.
* * * LOW HITPOINT WARNING * * *
You writhe in agony.
* * * LOW HITPOINT WARNING * * *
You can move again.
As you read the scroll labelled HUNANKEBRO, it crumbles to dust.
The creatures around you are filled with an inner flame!
It was a scroll of immolation.
Grinder hits you but does no damage.
You closely miss Grinder. You block Grinder's attack.
Grinder barely misses you.
You hit Grinder but do no damage. You kick Grinder, but do no damage.
Grinder gestures at you. Pain shoots through your body!
You die...

##.......#.#.# #......
...).........# #......
#<........#.# #......
#..###......)..#.# ##.####
#....###.#..#...#.# #.####
####............#...#.# ......
........# #..#......#.## #.#.##
.......###..#.5#.#...........
#........#..#.@..##..###.#.#
###........#..#..####..#.....#.#
...........#..#..# #..#.#.#.#.#
.##..##....#..#..####............
.##..............).........#.###.
.##.#......#..#...###>#..#.......
.####..........>..# #............
.# ###.##........#####..#.......
.# #.##....#####..............


You could see Grinder (inner flame).

Vanquished Creatures
  Terence (D:3)
  3 adders
  A dart slug (D:3)
  An orc (D:3)
  4 ball pythons
  An endoplasm (D:1)
  2 giant cockroaches
  2 goblins (D:2)
  5 hobgoblins
  6 kobolds
  3 bats
  2 frilled lizards
  4 rats
35 creatures vanquished.

Notes
Turn   | Place    | Note
-------+----------+-------------------------------------------
     0 | D:1      | booth the Demonspawn Reaver began the quest for the Orb.
     0 | D:1      | Reached XP level 1. HP: 16/16 MP: 3/3
   599 | D:1      | Gained mutation: You have large cloven feet. [demonic
                  | ancestry]
   599 | D:1      | Reached XP level 2. HP: 21/22 MP: 5/5
   602 | D:1      | Learned a level 2 spell: Momentum Strike
   690 | D:1      | Found Puosoenn's Armour Boutique.
  1290 | D:2      | Gained mutation: You sometimes gain a little power by
                  | taking damage. [demonic ancestry]
  1290 | D:2      | Reached XP level 3. HP: 26/26 MP: 6/6
  1652 | D:3      | Found a faded altar of an unknown god.
  1781 | D:3      | Identified the orb "Jueloto" {*channel, *Slow Will+ rCorr
                  | Int+4}
  1874 | D:3      | Noticed Terence
  1891 | D:3      | Killed Terence
  1892 | D:3      | Reached skill level 1 in Necromancy
  2099 | D:3      | Gained mutation: You are partially covered in large bone
                  | plates. (SH +4) [demonic ancestry]
  2099 | D:3      | Reached XP level 4. HP: 8/32 MP: 7/7
  2347 | D:3      | Reached skill level 1 in Armour
  2407 | D:3      | Noticed Grinder
  2423 | D:3      | Paralysed by Grinder for 2 turns
  2430 | D:3      | Paralysed by Grinder for 2 turns
  2434 | D:3      | Killed from afar by Grinder

Illustrated notes

Levels and vault maps discovered:
D:1:      psy_arrival_fountain, layout_basic, serial_shops, shop
D:2:      layout_basic
D:3:      layout_basic, amethyst_overflow_temple_binary,
          ebering_ecumenical_altar_mist, uniq_grinder, uniq_terence

Skill      XL: |  1  2  3  4 |
---------------+-------------+-----
Dodging        | 2 |  2.3
Axes           | 3 |  3.0
Necromancy     | 1 |  1.1
Armour         | 1 |  1.0
Fighting       | |  2.5
Spellcasting   | |  2.3
Conjurations   | |  3.4

Action                     |  1- 3 |  4- 6 || total
---------------------------+-------+-------++-------
  Melee: Hand axe          |   118 |    26 ||   144
         Kick              |    15 |     4 ||    19
   Cast: Kiss of Death     |     2 |       ||     2
    Use: Scroll            |     3 |     1 ||     4
         Potion            |       |     1 ||     1
 Armour: Leather armour    |    22 |     1 ||    23
  Dodge: Dodged            |    73 |    12 ||    85
  Block: Other             |       |     5 ||     5
